 Dungeon Crawl Stone Soup version 0.30.1-9-gdf580d7c3d (webtiles) character file.

Game seed: 14201535212858611709

13292 Suitcaser the Artisan of Death (level 11, -4/64 (65) HPs)
             Began as a Deep Elf Necromancer on Oct 11, 2023.
             Was a Priest of Kikubaaqudgha.
             Slain by a snapping turtle (14 damage)
             ... on level 1 of the Shoals on Oct 12, 2023.
             The game lasted 04:14:08 (14502 turns).

Suitcaser the Artisan of Death (DENe)              Turns: 14502, Time: 04:14:13

HP:   -4/64 (65)    AC:  5    Str: 11    XL:     11   Next: 73%
MP:   22/27         EV: 17    Int: 21    God:    Kikubaaqudgha [***...]
Gold: 810           SH: 17    Dex: 18    Spells: 1/30 levels left

rFire   . . .        r - +6 spear of Cozoir {freeze, rPois rC+}
rCold   + . .        J - +5 kite shield of the Exiled Runes {rPois rN+ Int-4 Dex+3}
rNeg    + + .        d - +2 robe {rN+}
rPois   +            x - +0 helmet
rElec   .            (no cloak)
rCorr   +            (no gloves)
SInv    .            (no boots)
Will    ++...        C - amulet "Rinatil" {Faith Will+ rCorr Slay+3}
Stlth   ++           v - +5 ring of evasion
HPRegen 0.30/turn    F - +6 ring of strength
MPRegen 0.20/turn

%: faith
@: animating dead, very slightly contaminated, hasted, studying Short Blades,
lightly drained, very quick
A: no striking features
a: Renounce Religion, Unearth Wretches


You were on level 1 of the Shoals.
You worshipped Kikubaaqudgha.
Kikubaaqudgha was most pleased with you.
You visited 4 branches of the dungeon, and saw 13 of its levels.

You collected 810 gold pieces.

Inventory:

Hand Weapons
 r - the +6 spear of Cozoir (weapon) {freeze, rPois rC+}
   (You found it on level 4 of the Dungeon)

   rC:        It protects you from cold.
   rPois:     It protects you from poison.
 P - a +4 quarterstaff of holy wrath
 Q - a +3 morningstar of freezing
Missiles
 e - 93 stones (quivered)
 f - 7 curare-tipped darts
 D - 17 poisoned darts
 U - a throwing net
Armour
 d - a +2 robe of positive energy (worn)
 u - a +2 ring mail of cold resistance
 x - a +0 helmet (worn)
 J - the +5 kite shield of the Exiled Runes (worn) {rPois rN+ Int-4 Dex+3}
   (You took it off a gnoll sergeant on level 5 of the Dungeon)

   Int:       It affects your intelligence (-4).
   Dex:       It affects your dexterity (+3).
   rPois:     It protects you from poison.
   rN:        It protects you from negative energy.
Jewellery
 l - an amulet of the acrobat
 m - a ring of fire
 n - an amulet of reflection
 v - a +5 ring of evasion (left hand)
 z - a ring of see invisible
 C - the amulet "Rinatil" (around neck) {Faith Will+ rCorr Slay+3}
   (You took it off a gnoll on level 5 of the Dungeon)

   [amulet of faith]

   It allows you to gain divine favour quickly.
   Slay:      It affects your accuracy & damage with ranged weapons and melee
   (+3).
   rCorr:     It protects you from acid and corrosion.
   Will:      It increases your willpower.
 F - a +6 ring of strength (right hand)
 H - a ring of poison resistance
 X - an amulet of reflection
 Y - a ring of protection from cold
Wands
 g - a wand of charming (4)
 E - a wand of acid (10)
 O - a wand of flame (64)
 V - a wand of digging (5)
 Z - a wand of polymorph (6)
Scrolls
 j - 2 scrolls of noise
 y - 2 scrolls of fear
 B - 2 scrolls of fog
 G - 5 scrolls of teleportation
 K - 2 scrolls of identify
 N - a scroll of immolation
 R - 3 scrolls of enchant weapon
 T - a scroll of blinking {unknown}
Potions
 a - 2 potions of degeneration
 b - 2 potions of magic
 c - 3 potions of curing
 h - 4 potions of brilliance
 i - a potion of attraction {unknown}
 k - a potion of haste
 o - 3 potions of lignification
 p - a potion of flight
 s - 2 potions of might
 A - a potion of resistance
 M - 4 potions of mutation
 S - 4 potions of ambrosia
Miscellaneous
 W - a phantom mirror (inert)


   Skills:
 + Level 6.3 Fighting
 - Level 1.5 Ranged Weapons
 - Level 3.1 Dodging
 - Level 2.8 Stealth
 + Level 9.6 Shields
 - Level 10.1 Spellcasting
 - Level 6.7 Hexes
 * Level 12.0 Necromancy
 - Level 0.1 Translocations


You had one spell level left.
You knew the following spells:

 Your Spells              Type           Power      Damage    Failure   Level
a - Necrotise             Necr           100%       1d9       1%          1
b - Blink                 Tloc           22%        N/A       26%         2
c - Animate Dead          Necr           57%        N/A       1%          4
d - Vampiric Draining     Necr           57%        2d10      1%          3
e - Anguish               Hex/Necr       25%        N/A       3%          4
f - Momentum Strike       Conj/Tloc      22%        3d8       26%         2
g - Ensorcelled Hibernat  Hex/Ice        48%        N/A       7%          2
h - Tukima's Dance        Hex            39%        N/A       3%          3
i - Sublimation of Blood  Necr           57%        N/A       1%          2
j - Death Channel         Necr           28%        N/A       21%         6

Your spell library contained the following spells:

 Spells                   Type           Power      Damage    Failure   Level
 Magic Dart               Conj           40%        1d5       19%         1
 Agony                    Necr           57%        N/A       3%          5
 Portal Projectile        Hex/Tloc       50%        N/A       13%         3
 Call Imp                 Summ           20%        N/A       26%         2
 Lesser Beckoning         Tloc           22%        N/A       26%         2
 Mephitic Cloud           Conj/Pois/Air  10%        N/A       47%         3
 Spider Form              Tmut/Pois      10%        N/A       47%         3
 Petrify                  Tmut/Erth      10%        N/A       87%         4
 Simulacrum               Ice/Necr       17%        N/A       93%         6
 Blade Hands              Tmut           5%         N/A       99%         5
 Irradiate                Conj/Tmut      5%         3d13      99%         5
 Summon Forest            Summ/Tloc      5%         N/A       99%         5
 Eringya's Noxious Bog    Tmut/Pois      5%         N/A       100%        6
 Summon Hydra             Summ           5%         N/A       100%        7


Dungeon Overview and Level Annotations

Branches:
Dungeon (9/15)             Temple (1/1) D:5            Lair (2/5) D:9
 Shoals (1/4) Lair:2
  Snake: Lair:2-3    Spider: Lair:2-3       Orc: D:9-12

Altars:
Ashenzari
Cheibriados
Dithmenos
Elyvilon
Fedhas
Gozag
Hepliaklqana
Kikubaaqudgha
Makhleb
Nemelex Xobeh
Okawaru
Ru
Sif Muna
Trog
Uskayaw
Vehumet
Wu Jian
Xom
Yredelemnul
Zin
The Shining One

Annotations:
D:9 3 runed translucent doors


Message History

As the sheep sparkle and sway, the dream sheep falls asleep.
Aiming: Corrosive Bolt
Press: ? - help, Q - select action, (/) - cycle Shift-Dir - straight line, f - cyclops
Aim: a cyclops, quivering large rocks (heavily wounded, fleeing, anguished, 98% to hit)
The bolt of acid hits the cyclops!
The acid corrodes the cyclops!
The cyclops is severely wounded.
Your attack snaps the cyclops out of its fear.
You block the cyclops's attack.
Casting: Blink (dangerous; 26% risk of failure)
Confirm with . or Enter, or press ? or * to list all spells.
Aiming: Vampiric Draining (safe; 1% risk of failure)
Press: ? - help, Shift-Dir - straight line, f/p - cyclops
Aim: a cyclops, quivering large rocks (severely wounded, covered in acid, anguished)
You draw life force from the cyclops!!
You kill the cyclops!
Kikubaaqudgha accepts your kill.
You feel life coursing into your body.
The dead are walking!
The snapping turtle bites your dream sheep!!
Your dream sheep dies!
Your dream sheep's corpse shimmers and vanishes!
Your life force feels restored.
Your Necromancy skill increases to level 12!
Casting: Vampiric Draining (safe; 1% risk of failure)
Confirm with . or Enter, or press ? or * to list all spells.
You don't have enough magic to cast this spell.
Magic courses through your body. The dream sheep misses you.
Casting: Vampiric Draining (safe; 1% risk of failure)
Confirm with . or Enter, or press ? or * to list all spells.
The spell is quite dangerous to miscast (21% risk of failure)!
Continue anyway?
You miscast Death Channel.
You shiver with cold.
You partially resist.
You feel drained.
The dream sheep shake their wool and sparkle.
You feel drowsy...
You fall asleep.
You feel stable enough to blink again. The dream sheep bites you!
You wake up.
* * * LOW HITPOINT WARNING * * *
The dream sheep is wracked by anguish!
The snapping turtle bites you from afar!
You die...
Kikubaaqudgha rasps: "You have failed me!
Welcome... death!"

...~~~~~~~~≈≈≈≈
....t~~~~m~~~~≈
...[...~~~c~?~≈
...###.~~~~Y~~~
.. ####~~.Y~~~~~
...##...~~~~~~~~~
....Y...t..~.##.~
~.......Y.#### ~
~....$..@..#
~~......Z(.#
~~~~~~....##
PP~~~~~...#
~PPP~~~~...
≈P~~P~~~....
≈≈P~~~~~.....
≈≈≈≈~~~~...~.
≈≈≈≈≈~~~~~~~Y~


You could see a snapping turtle, a faun (fleeing), a water nymph, 4 dream sheep
and a friendly cyclops zombie.

Vanquished Creatures
  A cyclops (Shoals:1)
  2 komodo dragons
  A troll (D:9)
  A blink frog (Lair:1)
  4 yaks
  A wyvern (Lair:1)
  A steam dragon (D:9)
  A water moccasin (D:8)
  A black bear (Lair:2)
  3 ice beasts
  A sky beast (D:6)
  A centaur (D:9)
  An ogre (D:5)
  5 wolves
  2 phantoms
  2 kobold brigands
  2 bullfrogs
  2 gnoll sergeants (D:5)
  A scorpion (D:5)
  9 wights
  6 howler monkeys
  A centaur zombie (D:8)
  A jelly (D:5)
  4 hounds
  2 sleepcaps
  Jessica (D:3)
  Terence (D:3)
  Natasha (thrice) (D:3)
  2 iguanas
  An orc wizard (D:6)
  10 gnolls
  7 adders
  A white imp (D:7)
  2 worms (D:2)
  3 dart slugs
  12 orcs
  5 endoplasms
  3 giant cockroaches
  7 goblins
  5 hobgoblins
  8 jackals
  11 kobolds
  2 quokkas
  8 ball pythons
  5 bats
  A frilled lizard (D:2)
  A rat (D:1)
155 creatures vanquished.

Vanquished Creatures (collateral kills)
  A two-headed ogre (D:9)
  2 harpies (Lair:2)
  A cane toad (Lair:1)
  A polar bear (Lair:2)
  2 blink frogs (Lair:1)
  3 yaks (D:8)
  2 water moccasins (Lair:1)
  An ogre (D:6)
  2 wolves
  2 centaurs
  A kobold brigand (D:8)
  4 wights
  4 howler monkeys
  A jelly (D:5)
  2 gnolls
  2 white imps (D:6)
  A worm (D:3)
  6 orcs
  3 endoplasms
  A hobgoblin (D:3)
  A frilled lizard (D:1)
  A kobold (D:3)
  A rat (D:1)
  A butterfly (Lair:1)
46 creatures vanquished.

Vanquished Creatures (others)
  The ghost of Madon the Grappler, a novice TrFi of Wu Jian (D:5)
  Pikel (D:7)
  A deep elf pyromancer (D:5)
  A harpy (Lair:2)
  Joseph (D:7)
  2 cane toads
  A rime drake (Lair:1)
  2 komodo dragons (Lair:2)
  Prince Ribbit (D:7)
  A wyvern (D:8)
  A vampire (D:9)
  9 dancing weapons
  A water moccasin (Lair:2)
  A wolf (Lair:1)
  A komodo dragon zombie (Lair:1)
  A bullfrog (D:6)
  A scorpion (D:6)
  2 water moccasin zombies
  5 wights
  A troll zombie (D:9)
  2 yak zombies (D:8)
  6 wolf zombies
  A bullfrog zombie (D:6)
  2 orc priests
  A black bear zombie (Lair:2)
  A gnoll bouda (D:5)
  An orc wizard (D:9)
  An ice beast zombie (D:6)
  2 hound zombies
  3 howler monkey zombies
  A gnoll (D:5)
  A steam dragon zombie (D:9)
  An adder zombie (D:5)
  A jelly zombie (D:5)
  A bat zombie (D:3)
  7 gnoll zombies
  2 ball python zombies
  A jackal zombie (D:3)
  A kobold (D:9)
  9 orc zombies
  A quokka zombie (D:3)
81 creatures vanquished.

Grand Total: 282 creatures vanquished

Notes
Turn   | Place    | Note
-------+----------+-------------------------------------------
     0 | D:1      | Suitcaser the Deep Elf Necromancer began the quest for the
                  | Orb.
     0 | D:1      | Reached XP level 1. HP: 10/10 MP: 6/6
    28 | D:2      | Reached skill level 5 in Necromancy
   118 | D:2      | Reached XP level 2. HP: 10/15 MP: 2/8
   672 | D:1      | Reached XP level 3. HP: 19/19 MP: 6/9
   680 | D:1      | Learned a level 2 spell: Blink
  1746 | D:2      | Reached skill level 6 in Necromancy
  1746 | D:2      | Reached XP level 4. HP: 21/24 MP: 7/12
  1753 | D:2      | Reached skill level 1 in Ranged Weapons
  1817 | D:2      | Learned a level 4 spell: Animate Dead
  1821 | D:2      | Learned a level 3 spell: Vampiric Draining
  2119 | D:3      | Noticed Jessica
  2128 | D:3      | Killed Jessica
  2517 | D:3      | Reached skill level 5 in Spellcasting
  2657 | D:3      | Noticed Terence
  2657 | D:3      | Noticed Natasha
  2662 | D:3      | Killed Natasha
  2663 | D:3      | Reached XP level 5. HP: 28/28 MP: 6/14
  2670 | D:3      | Killed Terence
  3035 | D:3      | Noticed Natasha
  3045 | D:3      | Killed Natasha
  3111 | D:3      | Noticed Natasha
  3117 | D:3      | Killed Natasha
  3436 | D:4      | Reached XP level 6. HP: 29/32 MP: 7/16
  3706 | D:4      | Identified the +6 spear of Cozoir {freeze, rPois rC+}
  3780 | D:4      | Noticed an ice beast
  4056 | D:4      | Reached skill level 7 in Necromancy
  4622 | D:4      | Killed an ice beast
  4783 | D:5      | Entered Level 5 of the Dungeon
  4806 | D:5      | Learned a level 5 spell: Agony
  4825 | D:5      | Found a glowing silver altar of Zin.
  4978 | D:5      | Noticed an ice beast
  4992 | D:5      | Killed an ice beast
  4993 | D:5      | Reached skill level 8 in Necromancy
  4993 | D:5      | Reached XP level 7. HP: 36/36 MP: 8/19
  5182 | D:5      | Identified the +5 spear "Bola" {venom, *Slow Will+++}
  5182 | D:5      | Identified the +5 kite shield of the Exiled Runes {rPois
                  | rN+ Int-4 Dex+3}
  5240 | D:5      | Identified the amulet "Rinatil" {Faith Will+ rCorr Slay+3}
  5264 | D:5      | Found a transporter.
  5270 | D:5      | Found a transporter.
  5368 | D:5      | Found a blossoming altar of Fedhas.
  5473 | D:5      | Learned a level 2 spell: Momentum Strike
  5602 | D:5      | Reached skill level 9 in Necromancy
  5841 | D:5      | Found a staircase to the Ecumenical Temple.
  5985 | D:5      | Reached skill level 1 in Hexes
  6425 | D:5      | Noticed Madon's ghost (novice TrFi)
  6455 | D:5      | Learned a level 4 spell: Anguish
  6680 | Temple   | Entered the Ecumenical Temple
  6790 | Temple   | Became a worshipper of Kikubaaqudgha
  7140 | D:5      | Learned a level 2 spell: Ensorcelled Hibernation
  7144 | D:5      | Learned a level 3 spell: Tukima's Dance
  7196 | D:5      | Reached skill level 1 in Fighting
  7196 | D:5      | Reached XP level 8. HP: 18/43 MP: 0/21
  7441 | D:6      | Found a radiant altar of Vehumet.
  8059 | D:6      | Learned a level 2 spell: Sublimation of Blood
  8092 | D:6      | Reached * piety under Kikubaaqudgha
  8092 | D:6      | Received a gift from Kikubaaqudgha
  8113 | D:6      | Reached skill level 5 in Hexes
  8254 | D:6      | Reached XP level 9. HP: 50/51 MP: 8/24
  8345 | D:5      | Killed Madon's ghost
  8346 | D:5      | Reached skill level 10 in Spellcasting
  8525 | D:6      | Reached skill level 1 in Shields
  9157 | D:7      | Noticed Pikel
  9170 | D:7      | Killed Pikel
  9357 | D:7      | Reached skill level 5 in Shields
  9411 | D:7      | Noticed Prince Ribbit
  9417 | D:7      | Killed Prince Ribbit
  9663 | D:7      | Noticed Joseph
  9671 | D:7      | Killed Joseph
  9672 | D:7      | Reached XP level 10. HP: 39/56 MP: 15/26
 10212 | D:8      | Reached ** piety under Kikubaaqudgha
 10487 | D:8      | Found a burning altar of Makhleb.
 11271 | D:9      | Noticed a two-headed ogre
 11278 | D:9      | Killed a two-headed ogre
 11369 | D:9      | Found a staircase to the Lair.
 11569 | D:9      | Found a runed translucent gate.
 11569 | D:9      | Found a runed translucent gate.
 11569 | D:9      | Found a runed translucent gate.
 11570 | D:9      | Noticed a purple ugly thing
 11570 | D:9      | Noticed a green ugly thing
 11571 | D:9      | Noticed a green ugly thing
 11609 | D:9      | Found an ornate altar of the Wu Jian Council.
 11931 | D:9      | Noticed a black mamba
 11935 | D:9      | a black mamba changed into a yaktaur
 11941 | D:9      | a yaktaur changed into a death drake
 11941 | D:9      | Noticed a death drake (glowing shapeshifter)
 11943 | D:9      | Noticed a water nymph
 12109 | Lair:1   | Entered Level 1 of the Lair of Beasts
 12119 | Lair:1   | Reached skill level 10 in Necromancy
 12164 | Lair:1   | Noticed a cane toad
 12170 | Lair:1   | Killed a cane toad
 12171 | Lair:1   | Reached skill level 5 in Fighting
 12171 | Lair:1   | Reached XP level 11. HP: 63/63 MP: 17/27
 12281 | Lair:1   | Reached *** piety under Kikubaaqudgha
 12281 | Lair:1   | Received a gift from Kikubaaqudgha
 13167 | Lair:2   | HP: 3/64 [komodo dragon (18)]
 13168 | Lair:2   | Reached skill level 11 in Necromancy
 13383 | Lair:2   | Learned a level 6 spell: Death Channel
 14039 | Lair:2   | Found a staircase to the Shoals.
 14039 | Lair:2   | Noticed a harpy
 14039 | Lair:2   | Noticed a harpy
 14040 | Lair:2   | Noticed a harpy
 14044 | Lair:2   | Killed a harpy
 14046 | Lair:2   | Killed a harpy
 14049 | Lair:2   | Killed a harpy
 14479 | Shoals:1 | Entered Level 1 of the Shoals
 14500 | Shoals:1 | Reached skill level 12 in Necromancy
 14502 | Shoals:1 | Slain by a snapping turtle

Illustrated notes

Levels and vault maps discovered:
D:1:      dpeg_arrival_pits, layout_loops_corners, serial_aquarium,
          aquarium_bridge_long_joined [aquarium_subvault_bridge,
          aquarium_subvault_bridge, aquarium_subvault_balcony,
          aquarium_subvault_wall, aquarium_subvault_wall,
          aquarium_subvault_bridge], aquarium_bridge_straight
          [aquarium_subvault_bridge, aquarium_subvault_balcony,
          aquarium_subvault_bridge, aquarium_subvault_wall],
          aquarium_window_corridor_1, aquarium_window_1, aquarium_view_2e,
          aquarium_pool_corner, wad_floor_pattern_1, corner_web_ring
D:2:      layout_loops_cross, minmay_bisected
D:3:      layout_rooms, grunt_ministairs_13, uniq_terence, uniq_jessica,
          uniq_natasha
D:4:      layout_basic
D:5:      layout_basic, kennysheep_mini_moat, lemuel_round_altar,
          minmay_temple_entry_poolview, gammafunk_ghost_gnarly_gnolls,
          dreamdust_wishing_well
D:6:      layout_basic, mainiacjoe_overflow_small_starburst,
          minmay_fractal_squares_diagonal_5
D:7:      layout_basic, uniq_prince_ribbit1, uniq_pikel, uniq_joseph
D:8:      layout_basic, lemuel_coloured_pillars_altar, serial_undead,
          serial_undead_a, serial_undead_c, serial_undead_b, serial_undead_e
D:9:      layout_irregular_city, mainiacjoe_overflow_cross_hatched,
          lair_entry_dummy, ploomutoo_gammafunk_ghost_potion_laboratory,
          minmay_curled_crystal, hangedman_abyss_or_decor_slice
Temple:   minmay_temple_bridge_d
Lair:1:   layout_regular_city, lemuel_fruit_fields, grunt_megastairs_5
Lair:2:   layout_cave_pods, nicolae_shoals_entry_roost,
          chequers_serial_rivers_micro_e, chequers_serial_rivers_small_3
Shoals:1: layout_shoals, uniq_aizul

Skill      XL: |  1  2  3  4  5  6  7  8  9 10 11 |
---------------+----------------------------------+-----
Necromancy     | 5 6 8 9 10 12 | 12.0
Spellcasting   | 4 5 6 7 9 10 | 10.1
Ranged Weapons | 1 |  1.5
Dodging        | 3 |  3.1
Hexes          | 1 5 6 |  6.7
Fighting       | 1 3 4 5 6 |  6.3
Shields        | 5 8 9 |  9.6
Stealth        | |  2.8
Translocations | |  0.1

Action                     |  1- 3 |  4- 6 |  7- 9 | 10-12 || total
---------------------------+-------+-------+-------+-------++-------
  Melee: Spear             |       |     1 |   102 |   122 ||   225
         Whip              |       |       |     8 |       ||     8
         Quarterstaff      |       |       |       |     5 ||     5
         Punch             |       |       |       |     1 ||     1
   Fire: Sling             |    10 |     2 |       |       ||    12
  Throw: Stone             |       |       |     4 |       ||     4
   Cast: Necrotise         |    53 |   114 |    32 |     8 ||   207
         Animate Dead      |       |    10 |    13 |     9 ||    32
         Vampiric Draining |       |     1 |     7 |    22 ||    30
         Blink             |       |     2 |     4 |     3 ||     9
         Momentum Strike   |       |       |    29 |     5 ||    34
         Ensorcelled Hiber |       |       |     2 |       ||     2
         Tukima's Dance    |       |       |    20 |    15 ||    35
         Anguish           |       |       |    16 |    31 ||    47
         Sublimation of Bl |       |       |       |     1 ||     1
         Death Channel     |       |       |       |     3 ||     3
 Invoke: Unearth Wretches  |       |       |     1 |       ||     1
  Evoke: Wand              |       |       |     1 |     1 ||     2
         Phantom mirror    |       |       |       |     1 ||     1
    Use: Scroll            |     4 |     5 |     6 |     7 ||    22
         Potion            |       |       |     5 |     4 ||     9
   Stab: Distracted        |       |       |       |     2 ||     2
 Armour: Robe              |     4 |     4 |    11 |    13 ||    32
  Dodge: Dodged            |    11 |    36 |   136 |    95 ||   278
  Block: Kite shield       |       |       |       |    80 ||    80
